[Event "ICCopen2017"]
[Site "Internet Chess Club"]
[Date "2017.03.26"]
[Round "5"]
[White "octavia"]
[Black "Shadeath"]
[Result "0-1"]
[ICCResult "White resigns"]
[WhiteElo "2237"]
[BlackElo "2785"]
[Opening "English: Caro-Kann defensive system"]
[ECO "A11"]
[NIC "EO.64"]
[Time "19:52:01"]
[TimeControl "180+0"]

1. c4 c6 2. Nf3 d5 3. e3 Nf6 4. Nc3 Bg4 5. Qb3 Qb6 6. Ne5 Be6 7. d4 g6 8.
Bd2 Bg7 9. Bd3 dxc4 10. Bxc4 Bxc4 11. Qxc4 O-O 12. O-O Nbd7 13. Nxd7 Nxd7
14. b4 e5 15. d5 Rac8 16. Qb3 Nf6 17. Rac1 Rfd8 18. dxc6 Rxd2 19. cxb7 Qxb7
20. Na4 Rdd8 21. Nc5 Qe7 22. a4 a5 23. Rc4 axb4 24. Qxb4 Nd7 25. Qb7 Rxc5
{White resigns}
0-1

[Event "ICCopen2017"]
[Site "Internet Chess Club"]
[Date "2017.03.26"]
[Round "5"]
[White "icewoman"]
[Black "Incognito"]
[Result "0-1"]
[ICCResult "White checkmated"]
[WhiteElo "1068"]
[BlackElo "1493"]
[Opening "Queen's pawn game"]
[ECO "D04"]
[NIC "QP.08"]
[Time "19:51:51"]
[TimeControl "180+0"]

1. d4 d5 2. Nf3 Nf6 3. e3 g6 4. Bd3 Bg7 5. b3 O-O 6. O-O c5 7. c3 Qc7 8. Bb2
Nbd7 9. Nbd2 e5 10. Rc1 e4 11. Ne5 exd3 12. f4 Nxe5 13. dxe5 Ng4 14. Rf3 c4
15. bxc4 dxc4 16. a3 b5 17. Rh3 Rb8 18. Nf3 Nxe3 19. Qe2 Qb6 20. Ng5 Ng4+
21. Kh1 Nf2+ 22. Kg1 Nxh3+ 23. Kh1 dxe2 24. gxh3 Qf2 25. Rg1 Bb7+ 26. Rg2
e1=R# {White checkmated} 0-1

[Event "ICCopen2017"]
[Site "Internet Chess Club"]
[Date "2017.03.26"]
[Round "5"]
[White "aravind6904"]
[Black "GYMEJR"]
[Result "0-1"]
[ICCResult "White checkmated"]
[WhiteElo "1484"]
[BlackElo "1574"]
[Opening "Sicilian: Pelikan (Lasker/Sveshnikov) variation"]
[ECO "B33"]
[NIC "SI.35"]
[Time "19:52:44"]
[TimeControl "180+0"]

1. e4 c5 2. Nf3 Nc6 3. d4 cxd4 4. Nxd4 Nf6 5. Nc3 e5 6. Nxc6 bxc6 7. Bd3 Be7
8. Be3 O-O 9. O-O Bb7 10. f3 d5 11. exd5 cxd5 12. Bf2 a5 13. Kh1 a4 14. a3
Re8 15. Bg3 Nh5 16. Bxe5 Bd6 17. Bxd6 Qxd6 18. Re1 Qh6 19. Rb1 Ng3+ 20. Kg1
Qb6+ 21. Re3 Qxe3# {White checkmated} 0-1

[Event "ICCopen2017"]
[Site "Internet Chess Club"]
[Date "2017.03.26"]
[Round "5"]
[White "carpedef"]
[Black "volver"]
[Result "1-0"]
[ICCResult "Black checkmated"]
[WhiteElo "1787"]
[BlackElo "1435"]
[Opening "French: King's Indian attack"]
[ECO "C00"]
[NIC "FR.02"]
[Time "19:51:44"]
[TimeControl "180+0"]

1. e4 e6 2. d3 d6 3. f4 c5 4. Nf3 Nc6 5. g3 b6 6. Bg2 Bb7 7. O-O Qc7 8. Kh1
Be7 9. Be3 Nf6 10. c3 O-O 11. Nbd2 Rad8 12. h3 h6 13. Bg1 Rfe8 14. g4 Bf8
15. Qe2 d5 16. e5 Nh7 17. d4 Be7 18. Nh2 Qd7 19. f5 cxd4 20. cxd4 Nxd4 21.
Bxd4 Rc8 22. f6 gxf6 23. exf6 Bf8 24. Rac1 e5 25. Rxc8 Qxc8 26. Bxe5 Bd6 27.
Rf5 Qb8 28. Nhf3 Re6 29. Nb3 Kf8 30. Nbd4 Re8 31. Bxd6+ Qxd6 32. Qd2 Re4 33.
Qxh6+ Kg8 34. Qg7# {Black checkmated} 1-0

[Event "ICCopen2017"]
[Site "Internet Chess Club"]
[Date "2017.03.26"]
[Round "5"]
[White "Darnoc"]
[Black "kingmate"]
[Result "1-0"]
[ICCResult "Black resigns"]
[WhiteElo "2918"]
[BlackElo "2488"]
[Opening "Nimzo-Indian: classical variation"]
[ECO "E32"]
[NIC "NI.20"]
[Time "19:51:46"]
[TimeControl "180+0"]

1. d4 e6 2. c4 Nf6 3. Nc3 Bb4 4. Qc2 O-O 5. a3 Bxc3+ 6. Qxc3 Qe8 7. g3 d5 8.
Bg2 b6 9. cxd5 Nxd5 10. Qc2 Bb7 11. Nf3 Nd7 12. O-O h6 13. e4 N5f6 14. Re1
Rc8 15. Bf4 Qe7 16. Rad1 Rfd8 17. d5 e5 18. Be3 Ne8 19. Nh4 Nd6 20. Qe2 Nf6
21. Bd2 c6 22. Bb4 c5 23. Bc3 b5 24. f4 Nd7 25. Nf5 Nxf5 26. exf5 Nf6 27. d6
Qd7 28. fxe5 Bxg2 29. Qxg2 b4 30. e6 Qb5 31. Bxf6 gxf6 32. e7 {Black
resigns} 1-0

[Event "ICCopen2017"]
[Site "Internet Chess Club"]
[Date "2017.03.26"]
[Round "5"]
[White "UnderArmour"]
[Black "Dictator"]
[Result "0-1"]
[ICCResult "White resigns"]
[WhiteElo "1961"]
[BlackElo "2601"]
[Opening "Sicilian: Nimzovich-Rossolimo attack (without ...d6)"]
[ECO "B30"]
[NIC "SI.31"]
[Time "19:52:32"]
[TimeControl "180+0"]

1. e4 c5 2. Nf3 Nc6 3. Bb5 e6 4. Bxc6 bxc6 5. d3 Ne7 6. Qe2 Ng6 7. h4 h5 8.
e5 Be7 9. g3 a5 10. c4 d5 11. exd6 Qxd6 12. Qe4 O-O 13. Bg5 Rd8 14. Nc3 Qxd3
15. Qxc6 Bd7 16. Qc7 Qxf3 17. O-O Bc6 18. Nd5 exd5 19. Qxc6 Bxg5 20. hxg5 h4
21. Rae1 h3 {White resigns} 0-1

[Event "ICCopen2017"]
[Site "Internet Chess Club"]
[Date "2017.03.26"]
[Round "5"]
[White "nahuels1992"]
[Black "Lzmann"]
[Result "1-0"]
[ICCResult "Black resigns"]
[WhiteElo "1334"]
[BlackElo "1570"]
[Opening "Sicilian: accelerated fianchetto, modern variation with Bc4"]
[ECO "B35"]
[NIC "SI.33"]
[Time "19:52:34"]
[TimeControl "180+0"]

1. e4 c5 2. Nf3 g6 3. d4 cxd4 4. Nxd4 Nc6 5. Nc3 Bg7 6. Be3 Nf6 7. Bc4 Qa5
8. O-O O-O 9. Re1 d6 10. h3 Bd7 11. Bb3 Nxd4 12. Bxd4 Bc6 13. Nd5 Bxd5 14.
exd5 a6 15. Rxe7 Rfe8 16. Rxe8+ Rxe8 17. Qf3 Nd7 18. Bxg7 Kxg7 19. Rd1 Ne5
20. Qg3 Qc5 21. Qf4 f5 22. Qd4 Qc7 23. f4 Qc5 24. Qxc5 dxc5 25. fxe5 Rxe5
26. d6 Re8 27. d7 Rd8 28. a4 Kf6 29. a5 Ke7 30. Ba4 h6 31. Re1+ Kf7 32. Re8
{Black resigns}
1-0

[Event "ICCopen2017"]
[Site "Internet Chess Club"]
[Date "2017.03.26"]
[Round "5"]
[White "bean5671"]
[Black "rotyi59"]
[Result "0-1"]
[ICCResult "White resigns"]
[WhiteElo "1309"]
[BlackElo "1544"]
[Opening "Benko's opening"]
[ECO "A00"]
[NIC "VO.09"]
[Time "19:52:35"]
[TimeControl "180+0"]

1. g3 g6 2. Bg2 Bg7 3. d4 d5 4. e4 e6 5. e5 Ne7 6. Bf4 O-O 7. Qd2 Nd7 8. Bh6
c5 9. Bxg7 Kxg7 10. Nf3 cxd4 11. Nxd4 a6 12. f4 Qb6 13. c3 Nc6 14. O-O Nc5
15. Kh1 Nxd4 16. cxd4 Na4 17. b3 Nb2 18. Qxb2 Bd7 19. Qd2 a5 20. Nc3 a4 21.
Ne2 axb3 22. axb3 Qxb3 23. Rxa8 Rxa8 24. h4 Ra2 25. Qc3 Qb6 26. Re1 Bb5 27.
Bf1 Bc4 28. Nc1 Ra4 29. Bxc4 Rxc4 30. Qb3 Qxd4 31. Qxb7 Qd2 32. Rg1 Rc2
{White resigns}
0-1

[Event "ICCopen2017"]
[Site "Internet Chess Club"]
[Date "2017.03.26"]
[Round "5"]
[White "kaimann"]
[Black "chigato"]
[Result "1-0"]
[ICCResult "Black resigns"]
[WhiteElo "1953"]
[BlackElo "1678"]
[Opening "Vienna game"]
[ECO "C25"]
[NIC "VG.04"]
[Time "19:53:18"]
[TimeControl "180+0"]

1. e4 e5 2. Nc3 f5 3. exf5 d6 4. Qh5+ Kd7 5. Qf7+ Qe7 6. Qxe7+ Bxe7 7. g4 c6
8. Bg2 h6 9. Nge2 Nf6 10. h3 d5 11. f3 Kc7 12. d3 Nbd7 13. Bd2 Nb6 14. O-O-O
Bd7 15. Kb1 Rad8 16. f4 Bd6 17. fxe5 Bxe5 18. d4 Bd6 19. Nf4 Rde8 20. Ng6
Rhg8 21. Rde1 a6 22. a3 c5 23. dxc5 Bxc5 24. Bf4+ Bd6 25. Bxd6+ Kxd6 26. Rd1
Bc6 27. Rhe1 Re5 28. Nxe5 {Black resigns} 1-0

[Event "ICCopen2017"]
[Site "Internet Chess Club"]
[Date "2017.03.26"]
[Round "5"]
[White "Mephisto521"]
[Black "bookseller"]
[Result "1-0"]
[ICCResult "Black checkmated"]
[WhiteElo "1564"]
[BlackElo "1358"]
[Opening "QGD Slav accepted"]
[ECO "D15"]
[NIC "SL.03"]
[Time "19:53:07"]
[TimeControl "180+0"]

1. d4 d5 2. c4 c6 3. Nc3 Nf6 4. Nf3 dxc4 5. Bg5 Nd5 6. e4 Nxc3 7. bxc3 e6 8.
Bxd8 Kxd8 9. Bxc4 Be7 10. O-O Kc7 11. e5 Nd7 12. Bd3 Nb6 13. c4 Bd7 14. c5
Nd5 15. Bc4 Rac8 16. Qb3 Kb8 17. Bxd5 exd5 18. Rab1 Rc7 19. a4 Ka8 20. a5
Rb8 21. a6 f6 22. Rfe1 f5 23. e6 Be8 24. Ne5 g6 25. Nd7 Bxd7 26. exd7 Rxd7
27. axb7+ Rbxb7 28. Qc2 Rbc7 29. Re6 Bg5 30. Qa4 Rb7 31. Re8+ Bd8 32. Rxb7
Rxb7 33. Qxc6 a6 34. Rxd8+ Ka7 35. Rd7 a5 36. Qxb7# {Black checkmated} 1-0

[Event "ICCopen2017"]
[Site "Internet Chess Club"]
[Date "2017.03.26"]
[Round "5"]
[White "jbow79"]
[Black "Kjaan1974"]
[Result "0-1"]
[ICCResult "White forfeits on time"]
[WhiteElo "973"]
[BlackElo "1461"]
[Opening "Queen's pawn game"]
[ECO "D02"]
[NIC "QP.08"]
[Time "19:52:21"]
[TimeControl "180+0"]

1. d4 d5 2. Nf3 e6 3. g3 f6 4. Bg2 Nc6 5. O-O a6 6. Bf4 Bd7 7. Nbd2 Bd6 8.
Bxd6 cxd6 9. c4 dxc4 10. Nxc4 Qc7 11. Qb3 b5 12. Ne3 Nge7 13. Rfd1 O-O 14.
Rac1 Qb6 15. d5 Na5 16. Qd3 e5 17. b3 Rac8 18. Nd2 Rxc1 19. Rxc1 Nb7 20. Ne4
f5 21. Ng5 h6 22. Nf3 e4 {White forfeits on time} 0-1

[Event "ICCopen2017"]
[Site "Internet Chess Club"]
[Date "2017.03.26"]
[Round "5"]
[White "Mormegil"]
[Black "CeffylGlas"]
[Result "1-0"]
[ICCResult "Black resigns"]
[WhiteElo "1710"]
[BlackElo "1441"]
[Opening "Réti opening"]
[ECO "A30"]
[NIC "EO.35"]
[Time "19:52:11"]
[TimeControl "180+0"]

1. Nf3 c5 2. c4 Nc6 3. d4 g6 4. Nc3 cxd4 5. Nxd4 Bg7 6. Nc2 d6 7. Bg5 h6 8.
Bh4 g5 9. Bg3 e6 10. e3 f5 11. Be2 Nf6 12. Bh5+ Nxh5 13. Qxh5+ Kf8 14. O-O-O
Qe8 15. Qxe8+ Kxe8 16. Bxd6 Bd7 17. Nb5 Rc8 18. Bg3 e5 19. Nd6+ Ke7 20.
Nxc8+ Rxc8 21. f3 f4 22. Bf2 Bf5 23. e4 Be6 24. b3 Kf6 25. Rd6 Bf8 26. Rd3
a5 27. Rhd1 Nb4 28. Nxb4 Bxb4 29. Be1 Bf8 30. Bxa5 Be7 31. Bd8 Ra8 32. Bxe7+
Kxe7 33. Kb2 Kf6 34. Rd6 Ke7 35. Rb6 Rb8 36. Rdd6 Bc8 37. Rxh6 {Black
resigns} 1-0

[Event "ICCopen2017"]
[Site "Internet Chess Club"]
[Date "2017.03.26"]
[Round "5"]
[White "BlueGreen"]
[Black "SPARNALIQ"]
[Result "0-1"]
[ICCResult "White checkmated"]
[WhiteElo "2738"]
[BlackElo "3108"]
[Opening "Réti opening"]
[ECO "A05"]
[NIC "QP.11"]
[Time "19:52:22"]
[TimeControl "180+0"]

1. Nf3 Nf6 2. g3 d6 3. d4 g6 4. Bg2 Bg7 5. O-O O-O 6. b3 Nc6 7. Bb2 a6 8.
Nbd2 Rb8 9. e4 Nd7 10. Re1 e5 11. d5 Ne7 12. c4 h6 13. Rc1 f5 14. b4 f4 15.
c5 g5 16. cxd6 cxd6 17. Nc4 Nb6 18. Nfd2 Nxc4 19. Nxc4 g4 20. a4 h5 21. b5
axb5 22. axb5 h4 23. Ba3 Rf6 24. Bb4 Ng6 25. Qb3 Bf8 26. Qa3 f3 27. Bf1 hxg3
28. hxg3 Nf4 29. Nd2 Qe8 30. Rxc8 Rxc8 31. gxf4 Qh5 32. Bg2 fxg2 33. Qg3
Qh1# {White checkmated} 0-1

[Event "ICCopen2017"]
[Site "Internet Chess Club"]
[Date "2017.03.26"]
[Round "5"]
[White "Cubitas"]
[Black "mn8"]
[Result "1-0"]
[ICCResult "Black resigns"]
[WhiteElo "2457"]
[BlackElo "1971"]
[Opening "Réti: King's Indian attack"]
[ECO "A05"]
[NIC "QP.11"]
[Time "19:52:31"]
[TimeControl "180+0"]

1. Nf3 Nf6 2. g3 g6 3. Bg2 Bg7 4. O-O O-O 5. d3 d6 6. c4 e5 7. Nc3 c6 8. Rb1
Nbd7 9. b4 Re8 10. b5 h5 11. bxc6 bxc6 12. Nd2 Qc7 13. Nde4 Nxe4 14. Nxe4 f5
15. Ng5 f4 16. Qc2 Nc5 17. gxf4 exf4 18. Bxf4 Be5 19. Bg3 Bxg3 20. fxg3 Bf5
21. e4 Bg4 22. d4 Qe7 23. h4 Ne6 24. Rf7 Qd8 25. e5 Bf5 26. Rxf5 gxf5 27.
Nxe6 Rxe6 28. Qxf5 Qe7 29. Bxc6 Rf8 30. Qxe6+ Qxe6 31. Bd5 Kf7 32. Rf1+ Ke7
33. Bxe6 Rxf1+ 34. Kxf1 dxe5 35. d5 {Black resigns} 1-0

[Event "ICCopen2017"]
[Site "Internet Chess Club"]
[Date "2017.03.26"]
[Round "5"]
[White "chesscomet"]
[Black "applepear"]
[Result "1-0"]
[ICCResult "Black forfeits on time"]
[WhiteElo "1486"]
[BlackElo "1082"]
[Opening "Sicilian: Grand Prix attack"]
[ECO "B23"]
[NIC "SI.44"]
[Time "19:51:35"]
[TimeControl "180+0"]

1. e4 c5 2. Nc3 Nc6 3. f4 g6 4. Nf3 Bg7 5. Bb5 e6 6. Bxc6 dxc6 7. d3 Ne7 8.
O-O O-O 9. Qe1 a6 10. Qh4 Re8 11. Ng5 h6 12. Nf3 Bd7 13. f5 exf5 14. Bxh6 c4
15. Ng5 Nc8 16. Bxg7 Kxg7 17. Qh7+ Kf6 18. Nf3 Rh8 19. e5+ Ke7 20. Qg7 Qg8
21. Qf6+ Ke8 22. Ng5 b5 23. Rae1 Be6 24. Nxe6 fxe6 25. Ne2 Qh7 26. h3
{Black forfeits on time}
1-0

[Event "ICCopen2017"]
[Site "Internet Chess Club"]
[Date "2017.03.26"]
[Round "5"]
[White "BoldPlan"]
[Black "littleplotkin"]
[Result "0-1"]
[ICCResult "White resigns"]
[WhiteElo "1818"]
[BlackElo "2253"]
[Opening "Pirc: classical (two knights) system"]
[ECO "B06"]
[NIC "PU.10"]
[Time "19:52:30"]
[TimeControl "180+0"]

1. e4 g6 2. d4 Bg7 3. Nf3 d6 4. Nc3 Nf6 5. Be3 O-O 6. a4 Nc6 7. Bc4 Bg4 8.
h3 Bxf3 9. Qxf3 Nd7 10. Ba2 Nxd4 11. Bxd4 Bxd4 12. O-O-O Bf6 13. h4 c6 14.
h5 Kg7 15. g4 Qa5 16. Qh3 Rh8 17. h6+ Kf8 18. Bb3 b5 19. axb5 cxb5 20. Kb1
Bxc3 21. bxc3 Rc8 22. Rd3 Ne5 23. Rd5 Rxc3 24. Qf1 a6 25. Rh3 Nxg4 26. Rxc3
Qxc3 27. f3 Ne3 28. Rd3 Qxb3+ 29. Rxb3 Nxf1 30. Rc3 Nd2+ 31. Kc1 Nc4
{White resigns}
0-1

[Event "ICCopen2017"]
[Site "Internet Chess Club"]
[Date "2017.03.26"]
[Round "5"]
[White "julkat-ch"]
[Black "LittleMaster"]
[Result "0-1"]
[ICCResult "White checkmated"]
[WhiteElo "1825"]
[BlackElo "2298"]
[Opening "Owen defense"]
[ECO "B00"]
[NIC "VO.01"]
[Time "19:52:28"]
[TimeControl "180+0"]

1. e4 b6 2. Nf3 Bb7 3. Nc3 g6 4. d4 Bg7 5. Be2 d6 6. h3 Nd7 7. Be3 Ngf6 8.
O-O Nxe4 9. Nxe4 Bxe4 10. c4 O-O 11. Rc1 c6 12. Ng5 Bf5 13. g4 h6 14. gxf5
hxg5 15. Bxg5 f6 16. Be3 gxf5 17. Kh2 e5 18. Rg1 f4 19. Qd3 f5 20. Bd2 Qh4
21. Be1 e4 22. Qb3 f3 23. Bf1 Qf4+ 24. Rg3 Qxc1 25. c5+ d5 26. cxb6 Qxe1 27.
b7 Qxf2+ 28. Bg2 fxg2 29. Rxg2 Qf4+ 30. Rg3 Rab8 31. Qa3 Rxb7 32. Qe7 Rxb2+
33. Kh1 Qf1+ 34. Rg1 Qxh3# {White checkmated} 0-1

[Event "ICCopen2017"]
[Site "Internet Chess Club"]
[Date "2017.03.26"]
[Round "5"]
[White "BirchRun"]
[Black "rayhem"]
[Result "1-0"]
[ICCResult "Black resigns"]
[WhiteElo "1602"]
[BlackElo "1320"]
[Opening "Levitsky attack (Queen's bishop attack)"]
[ECO "D00"]
[NIC "QP.08"]
[Time "19:55:31"]
[TimeControl "180+0"]

1. d4 d5 2. Bg5 Nf6 3. Bxf6 exf6 4. e3 c6 5. g3 Bd6 6. Bg2 h5 7. h4 g5 8.
hxg5 fxg5 9. Rxh5 Rg8 10. Rh7 Bd7 11. Qh5 Qf6 12. Rh6 Qg7 13. Rxd6
{Black resigns}
1-0

[Event "ICCopen2017"]
[Site "Internet Chess Club"]
[Date "2017.03.26"]
[Round "5"]
[White "tibold1"]
[Black "BronStorm"]
[Result "0-1"]
[ICCResult "White forfeits on time"]
[WhiteElo "1343"]
[BlackElo "1859"]
[Opening "Sicilian defense"]
[ECO "B20"]
[NIC "SI.48"]
[Time "19:52:17"]
[TimeControl "180+0"]

1. e4 c5 2. d3 Nc6 3. Bd2 e6 4. Ne2 d5 5. f3 Nf6 6. exd5 exd5 7. Nbc3 h6 8.
g4 a6 9. Bh3 Be7 10. O-O b5 11. Be3 d4 12. Ne4 dxe3 13. Nxf6+ Bxf6 14. Nf4
Bxb2 15. Nd5 Qxd5 16. c4 bxc4 17. dxc4 Qxd1 18. Rfxd1 Bxa1 19. Rxa1 Nd4 20.
a4 Rb8 {White forfeits on time} 0-1

[Event "ICCopen2017"]
[Site "Internet Chess Club"]
[Date "2017.03.26"]
[Round "5"]
[White "LevAbramovich"]
[Black "CapitanCentella"]
[Result "1-0"]
[ICCResult "Black checkmated"]
[WhiteElo "2096"]
[BlackElo "1827"]
[Opening "Caro-Kann: two knights variation"]
[ECO "B10"]
[NIC "CK.01"]
[Time "19:52:36"]
[TimeControl "180+0"]

1. e4 c6 2. Nf3 d5 3. Nc3 e6 4. d4 Ne7 5. e5 a6 6. Bd3 Nd7 7. O-O c5 8. Be3
cxd4 9. Nxd4 Nc6 10. Re1 Be7 11. Bf4 Nxd4 12. Qg4 g6 13. Bd2 Nc6 14. Qg3 Nc5
15. f4 Nxd3 16. cxd3 Bh4 17. Qh3 Bxe1 18. Rxe1 Qb6+ 19. Kh1 Qxb2 20. Re2 Qa3
21. f5 gxf5 22. Qg3 Qf8 23. Bg5 Rg8 24. Qh4 Qg7 25. Bf6 Qg4 26. Qxh7 Qg6 27.
Qh4 Bd7 28. Na4 Qg4 29. Qh7 Ne7 30. Nc3 d4 31. h3 Qg6 32. Qh4 dxc3 33. Qb4
Rc8 34. Qxe7# {Black checkmated} 1-0

[Event "ICCopen2017"]
[Site "Internet Chess Club"]
[Date "2017.03.26"]
[Round "5"]
[White "Athena2020"]
[Black "see101"]
[Result "0-1"]
[ICCResult "White forfeits on time"]
[WhiteElo "1088"]
[BlackElo "1389"]
[Opening "Benoni defense"]
[ECO "A56"]
[NIC "OI.06"]
[Time "19:52:07"]
[TimeControl "180+0"]

1. d4 Nf6 2. c4 c5 3. dxc5 Na6 4. Nc3 Nxc5 5. Nf3 g6 6. Bf4 Bg7 7. Qd2 d6 8.
Bh6 O-O 9. Bxg7 Kxg7 10. h4 Bg4 11. e3 h5 12. Be2 Nce4 13. Nxe4 Nxe4 14.
Qd4+ Nf6 15. O-O-O Rc8 16. Qc3 a5 17. a4 Kg8 18. Rhe1 Ne4 19. Qc2 Nc5 20.
Ne5 Kg7 21. Nxg4 hxg4 22. Bxg4 e6 23. Qc3+ Kg8 24. h5 Ne4 25. Qd4 Nf6 26.
Be2 e5 27. Qh4 Nxh5 28. g4 Qxh4 29. gxh5 g5 30. Rh1 Qxf2
{White forfeits on time}
0-1

[Event "ICCopen2017"]
[Site "Internet Chess Club"]
[Date "2017.03.26"]
[Round "5"]
[White "M-Ezat"]
[Black "findles"]
[Result "1-0"]
[ICCResult "Black resigns"]
[WhiteElo "2196"]
[BlackElo "1862"]
[Opening "Benoni: Taimanov variation"]
[ECO "A67"]
[NIC "BI.33"]
[Time "19:52:17"]
[TimeControl "180+0"]

1. d4 Nf6 2. c4 c5 3. d5 e6 4. Nc3 exd5 5. cxd5 d6 6. e4 g6 7. f4 Bg7 8.
Bb5+ Nfd7 9. Be2 O-O 10. Nf3 Re8 11. O-O Na6 12. Kh1 Nc7 13. a4 a6 14. f5
Rb8 15. Bg5 Bf6 16. Qd2 b5 17. axb5 axb5 18. Bxf6 Nxf6 19. e5 dxe5 20. d6
Na6 21. Bxb5 Rxb5 22. Nxb5 Ne4 23. Qh6 Nb4 24. fxg6 hxg6 25. Ra7 Bd7 26. Nc3
Nxd6 27. Ng5 Nc6 28. Qh7+ Kf8 29. Rxf7+ {Black resigns} 1-0

[Event "ICCopen2017"]
[Site "Internet Chess Club"]
[Date "2017.03.26"]
[Round "5"]
[White "ylr5000"]
[Black "cloak1"]
[Result "1-0"]
[ICCResult "Black resigns"]
[WhiteElo "2288"]
[BlackElo "1846"]
[Opening "Sicilian: Najdorf"]
[ECO "B90"]
[NIC "SI.14"]
[Time "19:52:52"]
[TimeControl "180+0"]

1. e4 c5 2. Nf3 d6 3. d4 cxd4 4. Nxd4 Nf6 5. Nc3 a6 6. Rg1 e5 7. Nb3 Nc6 8.
g3 h5 9. Bg5 Be6 10. Qd2 Be7 11. h4 Qc7 12. O-O-O Rc8 13. Kb1 b5 14. f3 Na5
15. Bxf6 Nxb3 16. cxb3 gxf6 17. Be2 f5 18. Rc1 Qd7 19. Bd3 Rg8 20. exf5 Bxf5
21. Nd5 Rxc1+ 22. Rxc1 Rxg3 23. Rc7 Rg1+ 24. Kc2 e4 25. fxe4 Qd8 26. Rxe7+
{Black resigns}
1-0

[Event "ICCopen2017"]
[Site "Internet Chess Club"]
[Date "2017.03.26"]
[Round "5"]
[White "DukeBishop"]
[Black "splashlee2010"]
[Result "1-0"]
[ICCResult "Black checkmated"]
[WhiteElo "1540"]
[BlackElo "1207"]
[Opening "Sicilian: Taimanov variation"]
[ECO "B46"]
[NIC "SI.44"]
[Time "19:51:39"]
[TimeControl "180+0"]

1. e4 c5 2. Nc3 e6 3. Nf3 a6 4. d4 cxd4 5. Nxd4 Nc6 6. Be3 Nf6 7. Be2 Qc7 8.
O-O b5 9. f4 Be7 10. e5 Nd5 11. Nxd5 exd5 12. c3 O-O 13. Rc1 Bb7 14. Bd3 Na5
15. Qh5 g6 16. Qh6 Rfe8 17. Rf3 Bf8 18. Qh4 Qd8 19. Qg4 Nc4 20. Bf2 Nxb2 21.
Bb1 Nc4 22. Bh4 Qb6 23. Rh3 Nd2 24. Bf6 Bg7 25. Qh4 Bxf6 26. exf6 Ne4 27.
Qxh7+ Kf8 28. Qh8# {Black checkmated} 1-0

[Event "ICCopen2017"]
[Site "Internet Chess Club"]
[Date "2017.03.26"]
[Round "5"]
[White "cheslikeyomama"]
[Black "mrneale"]
[Result "1-0"]
[ICCResult "Black checkmated"]
[WhiteElo "1528"]
[BlackElo "1128"]
[Opening "Queen's pawn game"]
[ECO "A45"]
[NIC "QP.07"]
[Time "19:52:18"]
[TimeControl "180+0"]

1. d4 Nf6 2. e3 e6 3. f4 d5 4. Nf3 Nc6 5. c3 Bd7 6. Bd3 Be7 7. Nbd2 O-O 8.
O-O h6 9. Ne5 a6 10. Qf3 Nxe5 11. fxe5 Nh7 12. e4 c6 13. exd5 cxd5 14. Qh5
Bg5 15. Nf3 Be8 16. Bxh7+ Kxh7 17. Qg4 f5 18. exf6 Qxf6 19. Bxg5 hxg5 20.
Nxg5+ Kg8 21. Rxf6 Rxf6 22. Rf1 Rxf1+ 23. Kxf1 Bd7 24. Qh5 Rf8+ 25. Kg1 Rf1+
26. Kxf1 Kf8 27. Qf7# {Black checkmated} 1-0

[Event "ICCopen2017"]
[Site "Internet Chess Club"]
[Date "2017.03.26"]
[Round "5"]
[White "eltigrecu"]
[Black "Cryptochess"]
[Result "0-1"]
[ICCResult "White checkmated"]
[WhiteElo "1961"]
[BlackElo "2551"]
[Opening "Trompowsky attack (Ruth, Opocenský opening)"]
[ECO "A45"]
[NIC "QP.07"]
[Time "19:51:47"]
[TimeControl "180+0"]

1. d4 Nf6 2. Bg5 d5 3. Bxf6 exf6 4. c3 Bd6 5. Nd2 O-O 6. e3 f5 7. Bd3 f4 8.
e4 dxe4 9. Nxe4 Re8 10. Ne2 Nc6 11. Qc2 Bf8 12. O-O-O f5 13. Nc5 Qg5 14. Kb1
b6 15. h4 Qf6 16. Nb3 Bd6 17. Qd2 f3 18. gxf3 Bb7 19. Rhg1 Ne7 20. Nf4 Bxf3
21. Rde1 Ng6 22. Bc4+ Kh8 23. Ne6 b5 24. h5 bxc4 25. hxg6 Rxe6 26. Rxe6 Qxe6
27. Nc5 Bxc5 28. dxc5 hxg6 29. a3 Rb8 30. Ka1 Kg8 31. Qf4 Qe2 32. Rb1 Be4
33. Qxc7 Re8 34. Rg1 Qxf2 35. Rxg6 Qe1+ 36. Ka2 Qb1# {White checkmated} 0-1

[Event "ICCopen2017"]
[Site "Internet Chess Club"]
[Date "2017.03.26"]
[Round "5"]
[White "PawnderingMate"]
[Black "hectorlamadrid"]
[Result "0-1"]
[ICCResult "White resigns"]
[WhiteElo "1291"]
[BlackElo "1595"]
[Opening "Petrov: modern attack, Symmetrical variation"]
[ECO "C43"]
[NIC "RG.02"]
[Time "19:52:03"]
[TimeControl "180+0"]

1. e4 e5 2. Nf3 Nf6 3. d4 Nxe4 4. dxe5 Bc5 5. Be3 Bxe3 6. fxe3 f5 7. Nbd2 d5
8. exd6 Qxd6 9. Bd3 Nf6 10. O-O O-O 11. Qe2 Re8 12. Rfe1 Nc6 13. Qf2 Ng4 14.
Qg3 Qxg3 15. hxg3 Rxe3 16. Rxe3 Nxe3 17. Re1 Ng4 18. Nf1 Bd7 19. N1h2 g6 20.
Nxg4 fxg4 21. Nd2 Re8 22. Rf1 Rf8 23. Re1 Re8 24. Rf1 Ne5 25. Be4 Bc6 26.
Bxc6 Nxc6 27. Nc4 Re2 28. Na3 Nb4 29. c3 Nd3 30. Nb5 c6 31. Nxa7 Rxb2 32.
Nc8 Rxa2 33. Nd6 b5 34. Rf7 Rc2 35. Rc7 Rxc3 36. Nxb5 Rc1+ 37. Kh2 cxb5 38.
Rb7 b4 39. Rd7 Rc3 40. Rd4 h5 41. Kg1 b3 42. Kf1 b2 43. Ke2 b1=Q {White
resigns} 0-1

[Event "ICCopen2017"]
[Site "Internet Chess Club"]
[Date "2017.03.26"]
[Round "5"]
[White "alejandrorios"]
[Black "dynamo"]
[Result "0-1"]
[ICCResult "White resigns"]
[WhiteElo "1935"]
[BlackElo "1747"]
[Opening "Sicilian: Najdorf, Byrne (English) attack"]
[ECO "B90"]
[NIC "SI.14"]
[Time "19:52:36"]
[TimeControl "180+0"]

1. e4 c5 2. Nf3 d6 3. d4 cxd4 4. Nxd4 Nf6 5. Nc3 a6 6. Be3 Nbd7 7. f3 e6 8.
Qd2 Be7 9. g4 h6 10. h4 Qc7 11. Rg1 b5 12. g5 hxg5 13. hxg5 Nh5 14. g6 Bf6
15. gxf7+ Kxf7 16. O-O-O Nb6 17. Bxb5 axb5 18. Ndxb5 Bxc3 19. bxc3 Nc4 20.
Qg2 Qa5 21. Qg6+ Kf8 22. Rg5 Qxa2 {White resigns} 0-1

[Event "ICCopen2017"]
[Site "Internet Chess Club"]
[Date "2017.03.26"]
[Round "5"]
[White "x-plica"]
[Black "BeerMeUpScotty"]
[Result "0-1"]
[ICCResult "White checkmated"]
[WhiteElo "1368"]
[BlackElo "1568"]
[Opening "Sicilian"]
[ECO "B50"]
[NIC "SI.01"]
[Time "19:52:18"]
[TimeControl "180+0"]

1. e4 c5 2. Nf3 d6 3. d3 Nf6 4. c4 Nc6 5. Nc3 e6 6. Be2 a6 7. O-O Be7 8. h3
Qc7 9. Bf4 O-O 10. Nh2 Rd8 11. a3 Rb8 12. Rb1 b5 13. cxb5 axb5 14. Qd2 b4
15. Na2 bxa3 16. bxa3 Qa7 17. Rxb8 Nxb8 18. Qc3 Nc6 19. Rb1 Nd4 20. Bd1 Ba6
21. Qa5 Ra8 22. Rb6 Bxd3 23. Qxa7 Rxa7 24. Rb8+ Bf8 25. Bxd6 Nd7 26. Rd8 g6
27. Bxf8 Nxf8 28. Nc3 Rxa3 29. Nf3 Nxf3+ 30. Bxf3 Rxc3 31. Kh2 Kg7 32. e5
Bb5 33. Rb8 Bc4 34. Bc6 g5 35. f3 Ng6 36. Rb7 Nxe5 37. Kg3 Nxc6 38. Rc7 Ne5
39. Rxc5 Kf6 40. h4 h6 41. h5 Rd3 42. Kf2 Bd5 43. g3 Rxf3+ 44. Ke2 Rxg3 45.
Rc7 Rh3 46. Kf1 Rxh5 47. Ke2 Rh4 48. Kf2 Rg4 49. Rc3 h5 50. Kf1 h4 51. Rc2
h3 52. Rh2 Bg2+ 53. Kf2 Rf4+ 54. Kg3 Rf3# {White checkmated} 0-1